 Dungeon Crawl Stone Soup version 0.19.0-20-gbc5f0c6 (webtiles) character file.

135 KarmaPolice the Charmwright (level 4, -1/35 HPs)
             Began as a Vampire Skald on Nov 17, 2016.
             Slain by an adder (5 damage)
             ... in a sewer.
             The game lasted 00:10:39 (4556 turns).

KarmaPolice the Charmwright (Vampire Skald)         Turns: 4556, Time: 00:10:40

Health: -1/35      AC:  3    Str: 11    XL:     4   Next: 97%
Magic:  2/8        EV: 11    Int: 14    God:
Gold:   103        SH:  0    Dex: 14    Spells: 4 memorised, 0 levels left

rFire  . . .     SeeInvis +     a - +0 falchion
rCold  + . .     Gourm    .     b - +0 leather armour
rNeg   + + .     Faith    .     (no shield)
rPois  +         Spirit   .     (no helmet)
rElec  .         Reflect  .     (no cloak)
rCorr  .         Harm     .     (no gloves)
MR     .....                    (no boots)
Stlth  ++........               (no amulet)
                                (no ring)
                                (no ring)

@: lethally poisoned (-1 -> -4), infused, singing, very slightly contaminated,
regenerating slowly
A: fangs 3, see invisible, unbreathing
a: Bat Form, Stop Singing


You were in a sewer.
You were very thirsty.

You visited 1 branch of the dungeon, and saw 3 of its levels.
You also visited: Sewer.

You collected 103 gold pieces.

Inventory:

Hand Weapons
 a - a +0 falchion (weapon)
Armour
 b - a +0 leather armour (worn)
 s - a +0 cloak
Jewellery
 m - a cursed ring of resist corrosion {unknown}
 o - an uncursed ring of wizardry {unknown}
Scrolls
 f - a scroll of fear {unknown}
 g - a scroll of noise {unknown}
 i - 2 scrolls of magic mapping {unknown}
 j - a scroll of immolation {unknown}
 l - a scroll of remove curse {unknown}
 n - 2 scrolls of teleportation {unknown}
 p - a scroll of identify {unknown}
Potions
 d - 9 potions of blood
 e - a potion of lignification {unknown}
 h - 4 potions of heal wounds {unknown}
 k - 2 potions of flight {unknown}
 q - a potion of curing {unknown}
 r - a potion of magic {unknown}
Books
 c - a book of Battle

   Spells                             Type                      Level
   a - Infusion                       Charms                       1
   b - Shroud of Golubria             Charms/Translocation         2
   c - Song of Slaying                Charms                       2
   d - Spectral Weapon                Hexes/Charms                 3
   e - Regeneration                   Charms/Necromancy            3


   Skills:
 + Level 3.0 Fighting
 + Level 3.0 Long Blades
 - Level 0.7 Armour
 - Level 1.1 Dodging
 + Level 2.9 Spellcasting
 + Level 4.0 Charms


You couldn't memorise any spells.
You knew the following spells:

 Your Spells              Type           Power        Failure   Level  Hunger
a - Infusion              Chrm           ##..         8%          1    #......
b - Shroud of Golubria    Chrm/Tloc      #.........   21%         2    ##.....
c - Song of Slaying       Chrm           ##......     10%         2    ##.....
d - Regeneration          Chrm/Necr      #.........   38%         3    ###....


Dungeon Overview and Level Annotations

Branches:
Dungeon (3/15)

Altars:
Cheibriados
Makhleb
Qazlal
Sif Muna

Annotations:
D:2 Sigmund


Innate Abilities, Weirdness & Mutations

You heal slowly.
You have razor-sharp teeth.
You have supernaturally acute eyesight. (SInv)
You can survive without breathing.


Message History

You start singing a song of slaying.
The adder bites you. The adder barely misses you.
Casting: Song of Slaying
Confirm with . or Enter, or press ? or * to list all spells.
You miscast Shroud of Golubria.
You are very lightly contaminated with residual magic.
Strange energies run through your body. The adder closely misses you.
The adder bites you.
You closely miss the adder. The adder misses you. The adder bites you.
* * * LOW HITPOINT WARNING * * *
The adder bites you.
* * * LOW HITPOINT WARNING * * *
You are poisoned.
The adder poisons you! The adder barely misses you.
You hit the adder!
The adder is almost dead.
You feel sick. The adder bites you.
* * * LOW HITPOINT WARNING * * *
The adder bites you.
You die...

#....≈≈≈≈≈≈≈≈≈≈≈≈≈≈
##....S≈≈≈≈≈≈≈≈≈≈≈≈≈
#.....#≈≈≈≈≈≈≈≈≈≈≈≈≈
#....###############
##...## #...## #...#
#..S## ##.S@##
#.S..###############
#.....#≈≈≈≈≈≈≈≈≈≈≈≈≈
##....≈≈≈≈≈≈.≈≈≈≈≈≈≈
#....≈≈≈≈≈≈≈#≈#≈≈≈≈
#.....≈≈≈≈≈≈÷≈≈#≈≈≈
##...≈≈≈≈≈≈≈≈.≈≈≈≈≈
###..≈≈≈≈≈≈≈≈≈≈≈≈≈
################


You could see 3 adders.

Vanquished Creatures
  4 adders
  2 river rats (Sewer)
  An ooze (D:1)
  2 worms (D:2)
  3 leopard geckos (D:3)
  3 ball pythons (Sewer)
  5 bats
  7 giant cockroaches
  7 hobgoblins
  5 frilled lizards
  9 goblins
  5 kobolds
  24 rats
77 creatures vanquished.

Notes
Turn   | Place    | Note
-------+----------+-------------------------------------------
     0 | D:1      | KarmaPolice the Vampire Skald began the quest for the Orb.
     0 | D:1      | Reached XP level 1. HP: 16/16 MP: 3/3
   286 | D:1      | Reached XP level 2. HP: 13/22 MP: 0/5
   532 | D:1      | Learned a level 2 spell: Shroud of Golubria
   535 | D:1      | Learned a level 2 spell: Song of Slaying
  1023 | D:1      | Reached XP level 3. HP: 24/27 MP: 6/6
  1610 | D:2      | Found a faded altar of an unknown god.
  1656 | D:2      | Found a stormy altar of Qazlal.
  1762 | D:2      | Found a burning altar of Makhleb.
  2989 | D:2      | Found a faded altar of an unknown god.
  2989 | D:2      | Found a faded altar of an unknown god.
  2998 | D:2      | Found a faded altar of an unknown god.
  3000 | D:2      | Found a snail-covered altar of Cheibriados.
  3002 | D:2      | Found a faded altar of an unknown god.
  3080 | D:2      | Noticed Sigmund
  3218 | D:3      | Found a deep blue altar of Sif Muna.
  3270 | D:3      | Reached XP level 4. HP: 29/34 MP: 8/8
  3285 | D:3      | Learned a level 3 spell: Regeneration
  3367 | D:3      | Found a glowing drain.
  3400 | Sewer    | Entered a sewer
  3699 | Sewer    | Reached skill level 4 in Charms
  4556 | Sewer    | Slain by an adder

Skill      XL: |  1  2  3  4 |
---------------+-------------+-----
Fighting       | 2 3 |  3.0
Charms         | 4 |  4.0
Long Blades    | 3 |  3.0
Armour         | |  0.7
Dodging        | |  1.1
Spellcasting   | |  2.9

Action                   |  1- 3 |  4- 6 || total
-------------------------+-------+-------++-------
Melee: Falchion          |   126 |   100 ||   226
       Bite              |    16 |    11 ||    27
 Cast: Infusion          |     8 |    11 ||    19
       Shroud of Golubri |     5 |     3 ||     8
       Song of Slaying   |       |     3 ||     3
 Abil: End Transformatio |       |     7 ||     7
       Bat Form          |       |     7 ||     7
  Use: Potion            |     2 |     1 ||     3
 Stab: Sleeping          |     5 |     1 ||     6
  Eat: Corpse            |     1 |     2 ||     3
Armor: Leather armour    |    32 |    30 ||    62
Dodge: Dodged            |    73 |    72 ||   145
       Rpst.: Falchion   |    26 |    25 ||    51
